 Dungeon Crawl Stone Soup version 0.24-a0-582-g4d4af81 (webtiles) character file.

Game seed: 1128249419686214173

48 pkoi the Ruffian (level 3, -2/42 HPs)
             Began as a Draconian Transmuter on Aug 27, 2019.
             Slain by an adder (3 damage)
             ... on level 1 of the Dungeon.
             The game lasted 00:01:58 (1114 turns).

pkoi the Ruffian (Draconian Transmuter)             Turns: 1114, Time: 00:01:58

Health: -2/42      AC: 21    Str: 12    XL:     3   Next: 50%
Magic:  1/6        EV:  2    Int: 14    God:
Gold:   64         SH:  0    Dex: 11    Spells: 3/6 levels left

rFire    . . .     SeeInvis .   d - +0 dagger
rCold    . . .     Gourm    .   (no shield)
rNeg     + + +     Faith    .   (armour unavailable)
rPois    +         Spirit   .   (helmet currently unavailable)
rElec    .         Reflect  .   (cloak currently unavailable)
rCorr    .         Harm     .   (gloves currently unavailable)
MR       .....     NoTele   +   (boots currently unavailable)
Stlth    +.........             (no amulet)
HPRegen  0.14/turn              (no ring)
MPRegen  0.10/turn              (no ring)

@: lethally poisoned (-2 -> -5), tree-form, very slightly contaminated
A: unfitting armour, AC +5
a: no special abilities


You were on level 1 of the Dungeon.
You were hungry.
You were a tree.
You visited 1 branch of the dungeon, and saw 2 of its levels.

You collected 64 gold pieces.

Inventory:

Hand Weapons
 d - a +0 dagger (weapon)
Missiles
 a - 4 arrows
Scrolls
 b - a scroll of fog {unknown}
 e - 2 scrolls of identify {unknown}
 g - 4 scrolls of magic mapping {unknown}
Comestibles
 c - 2 rations
 h - 4 chunks of flesh


   Skills:
 - Level 1.1 Fighting
 - Level 1.7 Dodging
 + Level 3.8 Unarmed Combat
 - Level 2.0 Spellcasting
 + Level 3.1 Transmutations


You had 3 spell levels left.
You knew the following spells:

 Your Spells              Type           Power        Failure   Level  Hunger
a - Beastly Appendage     Tmut           ##....       7%          1    ##.....
b - Sticks to Snakes      Tmut           ##......     10%         2    ###....

Your spell library contained the following spells:

 Spells                   Type           Power        Failure   Level  Hunger
 Spider Form              Tmut/Pois      #.........   36%         3    ####...
 Ice Form                 Ice/Tmut       #.......     77%         4    #####..
 Blade Hands              Tmut           ##........   88%         5    ######.


Dungeon Overview and Level Annotations

Branches:
Dungeon (2/15)

Altars:


Innate Abilities, Weirdness & Mutations

((Your plain brown scales are hard. (AC +5)))
You cannot fit into any form of body armour.
((You are cold-blooded and may be slowed by cold attacks.))


Message History

Your ball python misses the adder.
Your ball python barely misses the adder.
The adder bites you but does no damage.
You closely miss the adder.
The adder is moderately wounded.
* * * LOW HITPOINT WARNING * * *
You feel sick.
Your ball python bites the adder.
Your ball python misses the adder.
The adder bites your ball python.
You hit the adder but do no damage.
The adder is heavily wounded.
Your ball python closely misses the adder.
Your ball python grabs the adder.
Your ball python constricts the adder.
The adder bites you but does no damage.
Your ball python bites the adder but does no damage.
Your ball python constricts the adder.
You hit the adder but do no damage.
The adder is severely wounded.
* * * LOW HITPOINT WARNING * * *
You feel sick. The adder bites you.
You die...

####...## #.. #.......#
#.. #.......# ###
#.......# # #.......##
# ####.....### #
####..#.(.# #
########.....(##.####
##...♣.#........#.)..#
##...SS...........###..
#...................###
#................##.###
#.(..............##...#
#(.....................
#................####.#
#................# #.#
##...............# #.#


You could see an adder and a friendly ball python.

Vanquished Creatures
  An adder (D:2)
  An ooze (D:2)
  A dart slug (D:1)
  A giant cockroach (D:2)
  3 goblins (D:1)
  2 hobgoblins (D:1)
  4 jackals
  2 bats (D:1)
  3 frilled lizards
  7 kobolds (D:1)
  A rat (D:1)
26 creatures vanquished.

Vanquished Creatures (collateral kills)
  A gnoll (D:1)
  A goblin (D:2)
2 creatures vanquished.

Grand Total: 28 creatures vanquished

Notes
Turn   | Place    | Note
-------+----------+-------------------------------------------
     0 | D:1      | pkoi the Draconian Transmuter began the quest for the Orb.
     0 | D:1      | Reached XP level 1. HP: 16/16 MP: 3/3
   449 | D:1      | Reached XP level 2. HP: 22/23 MP: 5/5
   852 | D:1      | Learned a level 2 spell: Sticks to Snakes
   917 | D:1      | Reached XP level 3. HP: 28/28 MP: 3/6
  1110 | D:1      | HP: 2/42 [poisoned by an adder]
  1114 | D:1      | Slain by an adder

Levels and vault maps discovered:
D:1:      eino_arrival_druids_welcome, layout_rooms
D:2:      layout_rooms, uniq_terence

Skill      XL: |  1  2  3 |
---------------+----------+-----
Transmutations | 3 |  3.1
Fighting       | |  1.1
Dodging        | |  1.7
Unarmed Combat | |  3.8
Spellcasting   | |  2.0

Action                   || total
-------------------------++-------
Melee: Dagger            ||   128
       Unarmed           ||    13
       Tailslap          ||     9
       Kick              ||     4
       Punch             ||     1
 Cast: Beastly Appendage ||     4
       Sticks to Snakes  ||     8
  Use: Potion            ||     1
  Eat: Chunk             ||     1
Armor: Skin              ||    51
Dodge: Dodged            ||    93

Table legend:
 A = Non-vault XP
 B = Vault XP
 C = Vault XP percentage of total XP
 D = Non-vault monster count
 E = Vault monster count
 F = Vault count percentage of total count
                 A         B        C        D         E       F
            +---------+---------+-------+---------+---------+-------
      Total |      69 |       0 |   0.0 |      28 |       0 |   0.0
            +---------+---------+-------+---------+---------+-------
        D:1 |      41 |       0 |   0.0 |      20 |       0 |   0.0
        D:2 |      28 |       0 |   0.0 |       8 |       0 |   0.0
            +---------+---------+-------+---------+---------+-------
